cohdb
Replays
Latest Replays
All Replays
Popular Replays
Top Player Replays
Match Explorer
How It Works
Community
CoH3 Stats
Reddit
Sign in to upload your games and track your stats! →
Sign in with Steam
Match 19898037
Unlisted
Match 19898037
Overview
Messages
Build Orders
End
Kradschützen Motorcycle Team
Kradschützen Motorcycle Team
250 Light Carrier
Construct Light Support Kompanie
Assault Grenadier Squad
Selects Armored Support Battlegroup
Selects Superior Fire Drills
Assault Grenadier Squad
MG34 Team
Fire Support Elements
Panzerjäger Squad
Veteran Squad Leaders
Vehicle Survival Package
2.5-tonne Medical Truck
Panzerjäger Mechanized Group
Construct Mechanized Kompanie
Selects Salvage Kits
Selects Panzer Storm
Support Armor Elements
StuG III D Assault Gun
MonoChrome
brazilian pride
0
0
Comments
sign in to comment!
No comments posted yet!